 Dungeon Crawl Stone Soup version 0.31-a0-774-g0d66cbabe8 (webtiles) character file.

Game seed: 14251690895834857672

138 Aneyh the Shooter (level 5, 0/30 HPs)
             Began as a Tengu Hunter on Sept 18, 2023.
             Splashed by a jelly's acid (7 damage)
             ... on level 3 of the Dungeon.
             The game lasted 00:04:31 (2748 turns).

Aneyh the Shooter (Tengu Hunter)                    Turns: 2748, Time: 00:04:33

Health: 0/30       AC:  0    Str: 11      XL:     5   Next: 21%
Magic:  6/6        EV: 12    Int:  9      God:
Gold:   228        SH:  0    Dex: 19 (20) Spells: 1/4 levels left

rFire   . . .        b - +0 spear
rCold   . . .        (no shield)
rNeg    . . .        c - +0 leather armour
rPois   .            (helmet restricted)
rElec   .            i - +0 cloak
rCorr   .            (no gloves)
SInv    .            (boots unavailable)
Will    .....        (no amulet)
Stlth   ++           (no ring)
HPRegen 0.25/turn    (no ring)
MPRegen 0.10/turn

%: acrobat
@: corroded
A: beak, talons 3, acrobatic
a: no special abilities


You were on level 3 of the Dungeon.
You visited 1 branch of the dungeon, and saw 4 of its levels.

You collected 228 gold pieces.

Inventory:

Hand Weapons
 a - a +0 shortbow
 b - a +0 spear (weapon)
 n - a +0 glaive
Armour
 c - a +0 leather armour (worn)
 i - a +0 cloak (worn)
Scrolls
 d - a scroll of butterflies
 e - a scroll of enchant weapon {unknown}
 f - 2 scrolls of teleportation {unknown}
 h - 2 scrolls of identify {unknown}
 k - a scroll of poison {unknown}
 m - a scroll of immolation {unknown}
 o - a scroll of blinking {unknown}
 p - a scroll of revelation {unknown}
 q - 2 scrolls of vulnerability {unknown}
 s - a scroll of fog {unknown}
 u - a scroll of noise {unknown}
Potions
 g - a potion of degeneration
 j - a potion of curing
 r - a potion of resistance {unknown}
 t - a potion of mutation {unknown}


   Skills:
 - Level 2.0 Fighting
 + Level 6.7 Ranged Weapons
 + Level 2.5 Dodging
 - Level 1.0 Stealth
 * Level 1.0 Summonings


You had one spell level left.
You knew the following spells:

 Your Spells              Type           Power      Damage    Failure   Level
a - Call Canine Familiar  Summ           1%         N/A       71%         3

Your spell library contained the following spells:

 Spells                   Type           Power      Damage    Failure   Level
 Summon Small Mammal      Summ           4%         N/A       34%         1
 Apportation              Tloc           0%         N/A       47%         1
 Necrotise                Necr           0%         1d4       47%         1
 Sandblast                Erth           0%         2d4       47%         1
 Passwall                 Tmut/Erth      0%         N/A       63%         2
 Ozocubu's Armour         Ice            0%         N/A       85%         3
 Sigil of Binding         Hex            0%         N/A       85%         3
 Stone Arrow              Conj/Erth      0%         3d7       85%         3
 Brom's Barrelling Bould  Conj/Erth      0%         2d3       99%         4
 Dimensional Bullseye     Hex/Tloc       0%         N/A       99%         4
 Leda's Liquefaction      Hex/Erth       0%         N/A       99%         4
 Ozocubu's Refrigeration  Ice            0%         4d7       100%        7


Dungeon Overview and Level Annotations

Branches:
Dungeon (4/15)
 Temple: D:4-7

Altars:
Ashenzari
Fedhas
Trog

Annotations:
D:4 Pikel


Innate Abilities, Weirdness & Mutations

You have a beak for a mouth.
You have claws for feet.
You can magically evade attacks while moving or waiting.


Message History

A lemure comes into view.
Pikel shouts!
There is an open door here.
Pikel says, "It's all about the gold, really."
Pikel zaps a wand.
The bolt of dispelling energy misses you.
There is an open door, spattered with blood here.
Things that are here:
a +0 mace; a +0 scale mail; a giant cockroach corpse
Things that are here:
a +0 dagger; a +0 robe You see here a +0 club.
Pikel zaps a wand.
The bolt of dispelling energy misses you.
Pikel zaps a wand.
The bolt of dispelling energy misses you.
A jelly comes into view.
The jelly quivers.
An adder comes into view.
There is a stone staircase leading up here.
The jelly hits you. The acid corrodes you!
You are splashed with acid.
You climb upwards.
There is a stone staircase leading down here.
You see here a +0 hand axe.
b - a +0 spear (weapon)
The jelly misses you.
You hit the jelly but do no damage. The acid corrodes you!
Your hands burn!
The jelly hits you.
You are splashed with acid!
Unknown command.
You hit the jelly.
Your hands burn!
The jelly is lightly wounded.
The jelly closely misses you.
You hit the jelly but do no damage.
Your hands burn!
* * * LOW HITPOINT WARNING * * *
You peck the jelly, but do no damage.
The jelly is lightly wounded.
The jelly hits you.
* * * LOW HITPOINT WARNING * * *
You are splashed with acid!
You die...

##.#.....###.######.#
#.##...#........##.#
#.###.##.##.....##.#
#..................#
#####.##.###....####
##'##.####.#.#
##...#........###
##.....#.....J.>.#####
##........###.#@......#
##.........###.....###.#
.'.........'.......# #.#
##.........###.....# #.#
##......<.# ###.#.###.##
##.....#.#####........#
##....#.........####.###
#...#...#...#.#...##...#
#.....≈...≈.....≈...##.#


You could see a jelly.

Vanquished Creatures
  An orc priest (D:4)
  An orc wizard (D:4)
  2 adders
  A worm (D:2)
  A dart slug (D:1)
  2 orcs
  3 ball pythons
  6 bats
  9 endoplasms
  3 giant cockroaches
  5 goblins
  5 hobgoblins
  3 kobolds
  4 quokkas (D:1)
  3 frilled lizards
  7 rats
56 creatures vanquished.

Notes
Turn   | Place    | Note
-------+----------+-------------------------------------------
     0 | D:1      | Aneyh the Tengu Hunter began the quest for the Orb.
     0 | D:1      | Reached XP level 1. HP: 12/12 MP: 2/2
   326 | D:1      | Reached XP level 2. HP: 17/17 MP: 3/3
   348 | D:1      | Reached skill level 5 in Ranged Weapons
   487 | D:1      | Reached XP level 3. HP: 21/21 MP: 4/4
   586 | D:1      | You fall into a shaft and drop 1 floor!
  1808 | D:3      | Reached skill level 6 in Ranged Weapons
  1808 | D:3      | Reached XP level 4. HP: 25/26 MP: 5/5
  2084 | D:3      | Found a bloodstained altar of Trog.
  2091 | D:3      | Found a blossoming altar of Fedhas.
  2612 | D:4      | Learned a level 3 spell: Call Canine Familiar
  2621 | D:4      | Found a broken altar of Ashenzari.
  2648 | D:4      | Reached XP level 5. HP: 10/30 MP: 6/6
  2652 | D:4      | Reached skill level 1 in Summonings
  2701 | D:4      | Noticed Pikel
  2701 | D:4      | Noticed a lemure
  2701 | D:4      | Noticed a lemure
  2701 | D:4      | Noticed a lemure
  2702 | D:4      | Noticed a lemure
  2748 | D:3      | Splashed by a jelly's acid

Illustrated notes

Levels and vault maps discovered:
D:1:      dpeg_arrival_chambers_temple_mockup, layout_basic
D:2:      layout_loops_corners
D:3:      layout_loops_corners, fedhas_altar_2,
          mainiacjoe_overflow_cross_hatched, nicolae_kite_square_tiling_tiny,
          kennysheep_small_spiral
D:4:      layout_basic, nicolae_overflow_crystal_walls, evilmike_ruin_ashenzari,
          marbit_many_paths, minmay_temple_entry_glassed_door, uniq_pikel,
          uniq_blork_the_orc, uniq_duvessa

Skill      XL: |  1  2  3  4  5 |
---------------+----------------+-----
Ranged Weapons | 5 6 |  6.7
Summonings     | 1 |  1.0
Fighting       | |  2.0
Dodging        | |  2.5
Stealth        | |  1.0

Action                     |  1- 3 |  4- 6 || total
---------------------------+-------+-------++-------
  Melee: Glaive            |       |     6 ||     6
         Kick              |       |     3 ||     3
         Spear             |       |     3 ||     3
         Peck              |       |     2 ||     2
   Fire: Shortbow          |   120 |    28 ||   148
    Use: Potion            |     1 |     4 ||     5
 Armour: Leather armour    |    28 |    14 ||    42
  Dodge: Dodged            |    44 |    13 ||    57

Table legend: (Time is in decaauts)
 A = Elapsed time spent in this place.
 B = Non-inter-level travel time spent in this place.
 C = Inter-level travel time spent in this place.
 D = Time resting spent in this place.
 E = Time spent auto-exploring this place.
 F = Levels seen in this place.
 G = Mean time per level.
                   A        B        C        D        E       F      G
               +--------+--------+--------+--------+--------+-----+--------+
         Total |   2778 |   2691 |     87 |    143 |   2147 |   4 |  694.5 |
       Dungeon |   2778 |   2691 |     87 |    143 |   2147 |   4 |  694.5 |
               +--------+--------+--------+--------+--------+-----+--------+

Top non-repeatable levels by time:
     D:3: 1042 daAuts
     D:2: 855 daAuts
     D:1: 706 daAuts
     D:4: 175 daAuts
